 Dungeon Crawl Stone Soup version 0.28-a0-1510-gd0f6b136d3 (webtiles) character file.

Game seed: 12283030657865936942

3 comborobin the Sneak (level 1, -2/11 HPs)
             Began as a Vine Stalker Delver on Jan 15, 2022.
             Slain by a phantom (5 damage)
             ... on level 4 of the Dungeon.
             The game lasted 00:00:40 (145 turns).

comborobin the Sneak (Vine Stalker Delver)           Turns: 145, Time: 00:00:41

Health: -2/11      AC:  3    Str: 14    XL:     1   Next: 50%
Magic:  0/2        EV: 11    Int: 10    God:
Gold:   0          SH:  0    Dex: 15    Spells: 0/0 levels left

rFire   . . .      SeeInvis .   j - +0 mace
rCold   . . .      Faith    .   (no shield)
rNeg    . . .      Spirit   +   b - +0 leather armour
rPois   .          Reflect  .   (no helmet)
rElec   .          Harm     .   (no cloak)
rCorr   .          Rampage  .   (no gloves)
Will    .....                   (no boots)
Stlth   +++.......              (no amulet)
HPRegen 0.03/turn               (no ring)
MPRegen 0.08/turn               (no ring)

@: no status effects
A: fangs 2, magic shield, antimagic bite, no potion heal 2
a: no special abilities


You were on level 4 of the Dungeon.
You visited 1 branch of the dungeon, and saw 3 of its levels.

Inventory:

Hand Weapons
 a - a +0 dagger of venom
 j - a +0 mace (weapon)
Armour
 b - a +0 leather armour (worn)
Wands
 g - a wand of digging (3)
Scrolls
 c - a scroll of fog
 d - a scroll of identify {unknown}
 e - a scroll of fear
 h - a scroll of enchant weapon {unknown}
Potions
 f - a potion of haste
 i - a potion of mutation {unknown}


   Skills:
 - Level 2.6 Fighting
 + Level 0.6 Short Blades
 - Level 1.8 Maces & Flails
 - Level 1.5 Dodging
 - Level 6.0 Stealth


You couldn't memorise any spells.
You didn't know any spells.
Your spell library contained the following spells:

 Spells                   Type           Power      Damage    Failure   Level
 Shock                    Conj/Air       0%         1d3       43%         1
 Swiftness                Air            0%         N/A       82%         3
 Airstrike                Air            0%         N/A       99%         4


Dungeon Overview and Level Annotations

Branches:
Dungeon (6/15)
 Temple: D:4-7

Altars:

Shops:
D:4 =


Innate Abilities, Weirdness & Mutations

You have extremely sharp teeth.
When hurt, damage is shared between your health and your magic reserves.
Your bite disrupts and absorbs the magic of your enemies.
Potions cannot restore your health.


Message History

Found Woop's Jewellery Shop.
A goblin comes into view. It is wielding a +0 dagger.
The helpless goblin fails to defend itself.
You hit the goblin.
You kill the goblin!
No target in view!
There is an entrance to Woop's Jewellery Shop here.
You can access your shopping list by pressing '$'.
Unknown command.
You can access your shopping list by pressing '$'.
Unknown command.
Found a chain mail.
Things that are here:
a +0 dagger; a goblin corpse
Things that are here:
a +0 dagger; a goblin corpse An endoplasm comes into view.
Found a stone staircase leading up.
An endoplasm is nearby!
An endoplasm is nearby!
You see here a +0 chain mail.
The helpless endoplasm fails to defend itself.
You sock the endoplasm!
You kill the endoplasm!
No target in view!
No target in view!
There is a stone staircase leading up here.
A phantom comes into view.
Found a dagger.
A phantom is nearby!
A phantom is nearby!
Okay, then.
The phantom hits you!
Ouch! That really hurt!
* * * LOW HITPOINT WARNING * * *
There is a stone staircase leading up here.
You see here a +0 chain mail.
There is an entrance to Woop's Jewellery Shop here.
The phantom hits you.
You die...

#.# #..# #.# .#.##
#..# #.# . ..##>.#
#. #.#..####.#
#.###........#
#.#.#..######
##.##..#
##########...#..#
#......@W.......#
#.#######.∩.)##.#
###.#########.###.#
#.....<....[..# #.#
#..#.########## #.#
.... #.. #.# ....
###. #.# ..) .# #.#
.. # #.#


You could see a phantom.

Vanquished Creatures
  An endoplasm (D:4)
  A goblin (D:4)
  A kobold (D:4)
3 creatures vanquished.

Notes
Turn   | Place    | Note
-------+----------+-------------------------------------------
     0 | D:5      | comborobin the Vine Stalker Delver began the quest for the
                  | Orb.
     0 | D:5      | Reached XP level 1. HP: 11/11 MP: 2/2
    21 | D:5      | Noticed a scorpion
    44 | D:5      | Noticed a water moccasin zombie
   105 | D:4      | Found Woop's Jewellery Shop.
   132 | D:4      | Noticed a phantom
   145 | D:4      | Slain by a phantom

Illustrated notes

Levels and vault maps discovered:
D:4:      layout_loops_ring, nicolae_uskayaw_dance_hall, serial_shops, shop
D:5:      layout_cave_pools, uniq_sigmund
D:6:      layout_rooms, minmay_temple_entry_junction_2, lemuel_another_geyser

Action                   || total
-------------------------++-------
Melee: Mace              ||     3
  Use: Scroll            ||     1
 Stab: Sleeping          ||     2

Table legend: (Time is in decaauts)
 A = Elapsed time spent in this place.
 B = Non-inter-level travel time spent in this place.
 C = Inter-level travel time spent in this place.
 D = Time resting spent in this place.
 E = Time spent auto-exploring this place.
 F = Levels seen in this place.
 G = Mean time per level.
                   A        B        C        D        E       F      G
               +--------+--------+--------+--------+--------+-----+--------+
         Total |    145 |    142 |      3 |      0 |     64 |   3 |   48.3 |
       Dungeon |    145 |    142 |      3 |      0 |     64 |   3 |   48.3 |
               +--------+--------+--------+--------+--------+-----+--------+

Top non-repeatable levels by time:
     D:4: 95 daAuts
     D:5: 48 daAuts
     D:6: 1 daAuts
